 Dungeon Crawl Stone Soup version 0.28.0-53-g5a82cb258f (console) character file.

Game seed: 10819811213544843186

2 erker the Digger (level 1, 0/11 HPs)
             Began as an Octopode Earth Elementalist on July 18, 2022.
             Slain by a jackal (2 damage)
             ... on level 1 of the Dungeon.
             The game lasted 00:00:39 (85 turns).

erker the Digger (Octopode Earth Elementalist)        Turns: 85, Time: 00:00:40

Health: 0/11       AC:  1    Str:  7    XL:     1   Next: 30%
Magic:  1/3        EV: 13    Int: 17    God:
Gold:   0          SH:  0    Dex: 12    Spells: 3/4 levels left

rFire   . . .      SeeInvis .   (no weapon)
rCold   . . .      Faith    .   (no shield)
rNeg    . . .      Spirit   .   (helmet restricted)
rPois   .          Reflect  .   (no amulet)
rElec   .          Harm     .   (no ring)
rCorr   .          Rampage  .   (no ring)
Will    .....                   (no ring)
Stlth   +++.......              (no ring)
HPRegen 0.03/turn               (no ring)
MPRegen 0.08/turn               (no ring)
                                (no ring)
                                (no ring)

@: no status effects
A: almost no armour, amphibious, 8 rings, camouflage 1, gelatinous body 1,
(nimble swimmer 1), tentacles
a: no special abilities


You were on level 1 of the Dungeon.
You visited 1 branch of the dungeon, and saw 1 of its levels.

Inventory:

Missiles
 b - 28 stones
Scrolls
 c - a scroll of enchant weapon {unknown}
Potions
 a - a potion of curing {unknown}


   Skills:
 - Level 2.0 Dodging
 + Level 3.0 Stealth
 - Level 2.0 Spellcasting
 - Level 1.0 Transmutations
 - Level 3.0 Earth Magic


You had 3 spell levels left.
You knew the following spells:

 Your Spells              Type           Power      Damage    Failure   Level
a - Sandblast             Erth           22%        2d7       5%          1

Your spell library contained the following spells:

 Spells                   Type           Power      Damage    Failure   Level
 Passwall                 Tmut/Erth      6%         N/A       13%         2
 Stone Arrow              Conj/Erth      12%        3d7       30%         3
 Petrify                  Tmut/Erth      8%         N/A       63%         4


Dungeon Overview and Level Annotations

Branches:
Dungeon (1/15)

Altars:


Innate Abilities, Weirdness & Mutations

You cannot wear most types of armour.
You are amphibious.
You can wear up to eight rings at the same time.
Your skin changes colour to match your surroundings (Stealth+).
Your rubbery body absorbs attacks. (AC +1, EV +1)
((You are camouflaged when in or above water. (Stealth+)))
You have tentacles for arms and can constrict up to eight enemies at once.


Message History

You tentacle-slap the bat. You grab the bat.
The bat is moderately wounded.
You constrict the bat. The bat barely misses you.
You closely miss the bat.
The bat is severely wounded.
You constrict the bat.
You kill the bat!
Casting: Sandblast (safe; 5% risk of failure)
Confirm with . or Enter, or press ? or * to list all spells.
You can't see any susceptible monsters within range! (Use Z to cast anyway.)
A bat comes into view.
The jackal barks!
You hear a shout!
The jackal bites you.
You barely miss the jackal. Your grab misses the jackal. The jackal bites you.
You tentacle-slap the jackal but do no damage.
Your grab misses the jackal. Your squeeze misses the jackal.
The jackal closely misses you.
You barely miss the jackal. Your grab misses the jackal.
The jackal bites you. x2
* * * LOW HITPOINT WARNING * * *
You are too injured to fight recklessly!
You are too injured to fight recklessly!
Casting: Sandblast (safe; 5% risk of failure)
Confirm with . or Enter, or press ? or * to list all spells.
Aiming: Sandblast (safe; 5% risk of failure)
Press: ? - help, Shift-Dir - straight line, f - bat
Aim: a bat (69% to hit)
The blast of sand misses the jackal.
The blast of sand hits the jackal!
You kill the jackal!
The jackal bites you.
* * * LOW HITPOINT WARNING * * *
Your Stealth skill increases to level 3!
Casting: Sandblast (safe; 5% risk of failure)
Confirm with . or Enter, or press ? or * to list all spells.
Aiming: Sandblast (safe; 5% risk of failure)
Press: ? - help, Shift-Dir - straight line, f/p - bat
Aim: a bat (69% to hit)
The blast of sand hits the jackal.
The jackal is severely wounded.
The jackal barely misses you. The jackal bites you.
You die...

.....# .....#
.....# .....#
###.....#
#.......#
#b#.#####
#h################
#@#...............
#.#.............8.
#.#..#########....
#....#S≈≈≈≈≈≈#.⌠..
#....#≈≈≈≈≈≈≈#....
#....#≈≈≈≈≈≈≈#.⌠..
###..#########....
#.............8.
#...............


You could see a jackal and a bat.

Vanquished Creatures
  A jackal (D:1)
  A bat (D:1)
2 creatures vanquished.

Notes
Turn   | Place    | Note
-------+----------+-------------------------------------------
     0 | D:1      | erker the Octopode Earth Elementalist began the quest for
                  | the Orb.
     0 | D:1      | Reached XP level 1. HP: 11/11 MP: 3/3
     1 | D:1      | Noticed an electric eel
    85 | D:1      | Slain by a jackal

Illustrated notes

Levels and vault maps discovered:
D:1:      arrival_aquarium_a, layout_basic, serial_rivers,
          chequers_serial_rivers_micro_e, chequers_serial_rivers_marsh,
          chequers_serial_rivers_small_a, chequers_serial_rivers_micro_e,
          chequers_serial_rivers_micro_e, nicolae_concentric_dashed_squares_mild

Skill      XL: |  1 |
---------------+----+-----
Stealth        | 3 |  3.0
Dodging        | |  2.0
Spellcasting   | |  2.0
Transmutations | |  1.0
Earth Magic    | |  3.0

Action                   || total
-------------------------++-------
Melee: Unarmed           ||     5
       Constrict         ||     1
 Cast: Sandblast         ||     2
 Stab: Sleeping          ||     1
Dodge: Dodged            ||     3
